 Dungeon Crawl Stone Soup version 0.31-a0-44-g49d609d0da (webtiles) character file.

Game seed: 12984232606132966387

91 adelrune the Chiller (level 4, -2/33 HPs)
             Began as a Draconian Ice Elementalist on May 21, 2023.
             Was a Follower of Wu Jian.
             Slain by a hound (5 damage)
             ... on level 2 of the Dungeon.
             The game lasted 00:06:45 (2013 turns).

adelrune the Chiller (Draconian Ice Elementalist)   Turns: 2013, Time: 00:06:45

Health: -2/33      AC:  5    Str: 11    XL:     4   Next: 34%
Magic:  2/7        EV: 12    Int: 17    God:    Wu Jian [*.....]
Gold:   107        SH:  0    Dex: 11    Spells: 3/7 levels left

rFire   . . .        (no weapon)
rCold   . . .        (no shield)
rNeg    + . .        (body armour unavailable)
rPois   .            (helmet restricted)
rElec   .            (no cloak)
rCorr   .            (no gloves)
SInv    .            (no boots)
Will    .....        (no amulet)
Stlth   ++           r - ring of positive energy
HPRegen 0.25/turn    (no ring)
MPRegen 0.10/turn

%: no passive effects
@: no status effects
A: AC +5, unfitting armour, cold-blooded
a: Renounce Religion


You were on level 2 of the Dungeon.
You worshipped Wu Jian.
Wu Jian was aware of your devotion.
You visited 1 branch of the dungeon, and saw 3 of its levels.

You collected 107 gold pieces.

Inventory:

Jewellery
 r - a ring of positive energy (left hand)
Scrolls
 b - a scroll of vulnerability {unknown}
 g - a scroll of amnesia {unknown}
 h - a scroll of acquirement {unknown}
 i - 2 scrolls of teleportation {unknown}
 j - a scroll of poison {unknown}
 n - a scroll of noise {unknown}
 o - 2 scrolls of fear {unknown}
 q - a scroll of identify {unknown}
Potions
 a - a potion of magic
 c - 2 potions of heal wounds {unknown}
 d - 3 potions of invisibility {unknown}
 e - a potion of brilliance {unknown}
 f - 2 potions of resistance {unknown}
 k - a potion of lignification {unknown}
 l - a potion of curing {unknown}
 m - a potion of mutation {unknown}
 p - a potion of attraction {unknown}


   Skills:
 - Level 2.0 Dodging
 - Level 2.0 Stealth
 - Level 2.1 Spellcasting
 * Level 5.6 Ice Magic


You had 3 spell levels left.
You knew the following spells:

 Your Spells              Type           Power      Damage    Failure   Level
a - Freeze                Ice            80%        1d9       1%          1
b - Frozen Ramparts       Ice            40%        1d7       5%          3

Your spell library contained the following spells:

 Spells                   Type           Power      Damage    Failure   Level
 Ozocubu's Armour         Ice            20%        N/A       5%          3
 Summon Ice Beast         Ice/Summ       11%        N/A       52%         4


Dungeon Overview and Level Annotations

Branches:
Dungeon (3/15)

Altars:
Wu Jian

Annotations:
D:2 osoart's ghost, amateur DsGl


Innate Abilities, Weirdness & Mutations

Your plain brown scales are hard. (AC +5)
You cannot fit into any form of body armour.
You are cold-blooded and may be slowed by cold attacks.


Message History

A hound comes into view.
Osoart's ghost attacks as you move away!
Osoart's ghost hits you!
The hound barks!
You hit the hound.
The hound is lightly wounded.
The hound bites you. Osoart's ghost hits you!
Your magical contamination has completely faded away.
You spin and attack the hound.
You closely miss the hound.
The hound is lightly wounded.
The hound barely misses you. The hound misses you.
You spin and attack the hound.
You hit the hound but do no damage.
Your tail-slap misses the hound.
The hound is lightly wounded.
The hound bites you but does no damage.
There is a stone staircase leading up here.
The hound bites you.
* * * LOW HITPOINT WARNING * * *
The hound misses you. Osoart's ghost completely misses you.
You climb upwards.
There is a stone staircase leading down here.
The hound attacks as you move away! The hound bites you but does no damage.
Osoart's ghost attacks as you move away!
Osoart's ghost closely misses you. The hound attacks as you move away!
The hound misses you. The hound bites you.
* * * LOW HITPOINT WARNING * * *
The hound bites you.
* * * LOW HITPOINT WARNING * * *
The hound attacks as you move away! The hound barely misses you.
The hound attacks as you move away! The hound bites you but does no damage.
The hound bites you.
* * * LOW HITPOINT WARNING * * *
The hound attacks as you move away! The hound closely misses you.
The hound bites you.
* * * LOW HITPOINT WARNING * * *
The hound attacks as you move away! The hound closely misses you.
Osoart's ghost whispers, "You will understand me better in a moment."
The hound closely misses you. The hound bites you.
You die...

#.......#..## #.#
#....##.# #......###.##
#.# #.##.##.# ###...##
##.# #.# ##.#.#.##
#....###.## #.# ##...##
##..#.#.#####[# ##.##
#..##.รท......# #.#
#####............#######.#
#.........#..............#
#.###.###.#..@..>##..)####
#.# #.# #.#..h........#
####.###.###.###W#####...#
...#.<............#####.##
......##.###.###..##.....#
...#.###.....###..##.##..#
#.##.#####...........#...#
#.##.........###.)##.#.#.#
#.########..## #.........#


You could see a hound and osoart's ghost.

Vanquished Creatures
  4 adders
  2 worms (D:2)
  A dart slug (D:2)
  5 endoplasms
  5 goblins
  4 hobgoblins
  2 jackals (D:2)
  3 quokkas (D:2)
  6 ball pythons
  5 bats
  3 frilled lizards
  3 kobolds
  2 rats (D:2)
45 creatures vanquished.

Notes
Turn   | Place    | Note
-------+----------+-------------------------------------------
     0 | D:1      | adelrune the Draconian Ice Elementalist began the quest for
                  | the Orb.
     0 | D:1      | Reached XP level 1. HP: 14/14 MP: 3/3
   426 | D:1      | Reached XP level 2. HP: 19/20 MP: 5/5
  1068 | D:2      | Reached XP level 3. HP: 26/26 MP: 4/6
  1272 | D:2      | Reached skill level 5 in Ice Magic
  1291 | D:2      | Learned a level 3 spell: Frozen Ramparts
  1635 | D:2      | Found a faded altar of an unknown god.
  1642 | D:2      | Prayed at the altar of an unknown god.
  1642 | D:2      | Became a worshipper of the Wu Jian Council
  1642 | D:2      | Reached * piety under Wu Jian
  1864 | D:2      | Reached XP level 4. HP: 31/33 MP: 4/7
  1973 | D:3      | Found a runed translucent door.
  1973 | D:3      | Noticed osoart's ghost (amateur DsGl)
  2013 | D:2      | Slain by a hound

Illustrated notes

Levels and vault maps discovered:
D:1:      dpeg_arrival_rhombi, layout_basic
D:2:      layout_loops_ring, hellmonk_ecumenical_altar_crossroads,
          minmay_quantized
D:3:      layout_basic, cheibrodos_sewer_entry_drain, ebering_ghost_sewer_d

Skill      XL: |  1  2  3 |
---------------+----------+-----
Stealth        | 2 |  2.0
Dodging        | 2 |  2.0
Ice Magic      | 5 |  5.6
Spellcasting   | |  2.1

Action                     |  1- 3 |  4- 6 || total
---------------------------+-------+-------++-------
  Melee: Unarmed           |    38 |     4 ||    42
         Tailslap          |     3 |       ||     3
         Punch             |     1 |       ||     1
   Cast: Freeze            |    55 |    10 ||    65
         Frozen Ramparts   |     1 |     1 ||     2
Ability: Whirlwind         |     1 |     2 ||     3
         Lunge             |     1 |       ||     1
   Stab: Sleeping          |     1 |       ||     1
 Armour: Skin              |    17 |     9 ||    26
  Dodge: Dodged            |    38 |    21 ||    59

Table legend: (Time is in decaauts)
 A = Elapsed time spent in this place.
 B = Non-inter-level travel time spent in this place.
 C = Inter-level travel time spent in this place.
 D = Time resting spent in this place.
 E = Time spent auto-exploring this place.
 F = Levels seen in this place.
 G = Mean time per level.
                   A        B        C        D        E       F      G
               +--------+--------+--------+--------+--------+-----+--------+
         Total |   2015 |   1983 |     32 |    383 |   1154 |   3 |  671.7 |
       Dungeon |   2015 |   1983 |     32 |    383 |   1154 |   3 |  671.7 |
               +--------+--------+--------+--------+--------+-----+--------+

Top non-repeatable levels by time:
     D:2: 1303 daAuts
     D:1: 651 daAuts
     D:3: 60 daAuts
